 Dungeon Crawl Stone Soup version 0.21.1-1-g345015fe64 (webtiles) character file.

304 IceCat the Ruffian (level 6, -4/55 HPs)
             Began as a Troll Transmuter on July 20, 2018.
             Slain by an ogre
             ... wielding a +0 giant club
              (19 damage)
             ... on level 4 of the Dungeon.
             The game lasted 00:15:15 (1922 turns).

IceCat the Ruffian (Troll Transmuter)               Turns: 1922, Time: 00:15:15

Health: -4/55      AC:  6    Str: 19    XL:     6   Next: 15%
Magic:  6/8        EV: 10    Int: 11    God:
Gold:   159        SH:  0    Dex: 10    Spells: 8/9 levels left

rFire    . . .     SeeInvis .     - Unarmed
rCold    . . .     Gourm    +   (no shield)
rNeg     + . .     Faith    .   b - +0 robe
rPois    .         Spirit   .   (helmet restricted)
rElec    .         Reflect  .   s - +0 cloak
rCorr    .         Harm     .   (gloves unavailable)
MR       .....                  (boots unavailable)
Stlth    +.........             (no amulet)
HPRegen  0.58/turn              n - ring of positive energy
MPRegen  0.11/turn              (no ring)

@: appendage (expiring)
A: large, unfitting armour, claws 3, horns 2, fast metabolism 3, gourmand,
regeneration 1, shaggy fur 1, tough skin 2
a: End Transformation


You were on level 4 of the Dungeon.
You were very full.
You had grown temporary horns.
You visited 1 branch of the dungeon, and saw 4 of its levels.

You collected 159 gold pieces.

Inventory:

Missiles
 a - 92 arrows
Armour
 b - a +0 robe (worn)
 s - a +0 cloak (worn)
Jewellery
 n - a ring of positive energy (left claw)
Wands
 r - a wand of clouds (6)
Scrolls
 e - a scroll of immolation {unknown}
 i - a scroll of identify
 k - a scroll of random uselessness {unknown}
 m - 3 scrolls of remove curse {unknown}
 o - 2 scrolls of teleportation {unknown}
 t - a scroll of enchant weapon {unknown}
Potions
 f - a potion of agility {unknown}
 g - 2 potions of brilliance {unknown}
 j - 3 potions of ambrosia {unknown}
 l - 2 potions of curing {unknown}
 p - a potion of might {unknown}
 q - 2 potions of haste {unknown}
Books
 c - a book of Changes

   Spells                             Type                      Level
   a - Beastly Appendage              Transmutation                1
   b - Sticks to Snakes               Transmutation                2
   c - Spider Form                    Transmutation/Poison         3
   d - Ice Form                       Ice/Transmutation            4
   e - Blade Hands                    Transmutation                5
Comestibles
 d - 7 rations
 h - 4 chunks of flesh


   Skills:
 + Level 1.0 Fighting
 + Level 2.7 Dodging
 + Level 4.6 Unarmed Combat
 * Level 2.4 Spellcasting
 + Level 2.1 Transmutations


You had 8 spell levels left.
You knew the following spells:

 Your Spells              Type           Power        Failure   Level  Hunger
a - Beastly Appendage     Tmut           #.....       12%         1    ##.....


Dungeon Overview and Level Annotations

Branches:
Dungeon (4/15)
 Temple: D:4-7

Altars:
Ashenzari
Fedhas
Sif Muna
Xom

Shops:
D:4 }


Innate Abilities, Weirdness & Mutations

You are too large for most types of armour.
You have claws for hands.
Your metabolism is lightning-fast.
You like to eat raw meat.
Your natural rate of healing is unusually fast.
You are covered in fur. (AC +1)
You have very tough skin. (AC +2)
You have a pair of horns on your head.


Message History

Confirm with . or Enter, or press ? or * to list all spells.
You extend your transformation's duration.
You feel sick.
You are no longer poisoned.
The ogre hits you with a giant club!
You claw the ogre! Your headbutt misses the ogre.
The ogre is heavily wounded.
The ogre hits you with a giant club!
You closely miss the ogre. You headbutt the ogre!
The ogre is severely wounded.
Your transformation is almost over.
You scratch the ogre but do no damage. You headbutt the ogre.
The ogre is almost dead.
The ogre hits you with a giant club!!
* * * LOW HITPOINT WARNING * * *
You are too injured to fight recklessly!
You barely miss the ogre. Your headbutt misses the ogre.
The ogre is almost dead.
The ogre hits you with a giant club!!
You die...

#### ..# # ####.#
#.#....#########
#.##..............#
#.....O@..##......#
####..$...##...##.#
#......##....#.#
#########..#.#.#
#......# #######
#......# ##.....#
####.### #.
#......# #.# .
#.<....# #.#


You could see an ogre.

Vanquished Creatures
  The ghost of Napalmbreeze the Covered, an amateur GrFi of Okawaru (D:3)
  A scorpion (D:4)
  2 centaur skeletons (D:4)
  A worker ant (D:4)
  2 adders
  An ooze (D:1)
  3 worms
  3 leopard geckos
  3 orcs (D:3)
  A ball python (D:3)
  8 bats
  4 giant cockroaches
  5 goblins
  8 hobgoblins
  7 jackals
  A quokka (D:2)
  6 frilled lizards
  8 kobolds
  7 rats
72 creatures vanquished.

Notes
Turn   | Place    | Note
-------+----------+-------------------------------------------
     0 | D:1      | IceCat the Troll Transmuter began the quest for the Orb.
     0 | D:1      | Reached XP level 1. HP: 18/18 MP: 1/1
   300 | D:1      | Reached XP level 2. HP: 26/26 MP: 3/3
   587 | D:1      | Reached XP level 3. HP: 32/32 MP: 2/4
  1156 | D:2      | Found a shimmering altar of Xom.
  1156 | D:2      | Found a shattered altar of Ashenzari.
  1265 | D:2      | You fall through a shaft for 2 floors!
  1265 | D:4      | Found Wuukhuej's Gadget Shoppe.
  1274 | D:4      | Reached skill level 4 in Unarmed Combat
  1289 | D:3      | Reached XP level 4. HP: 19/40 MP: 3/5
  1452 | D:3      | Found a blossoming altar of Fedhas.
  1500 | D:3      | Noticed Napalmbreeze's ghost (amateur GrFi)
  1520 | D:3      | Killed Napalmbreeze's ghost
  1520 | D:3      | Reached XP level 5. HP: 15/46 MP: 3/7
  1839 | D:4      | Reached skill level 1 in Fighting
  1844 | D:4      | Found a deep blue altar of Sif Muna.
  1898 | D:4      | Reached XP level 6. HP: 50/55 MP: 5/8
  1922 | D:4      | Slain by an ogre

Skill      XL: |  1  2  3  4  5 |
---------------+----------------+-----
Unarmed Combat | 4 |  4.6
Dodging        | 2 |  2.7
Spellcasting   | 2 |  2.4
Transmutations | 2 |  2.1
Fighting       | 1 |  1.0

Action                   |  1- 3 |  4- 6 || total
-------------------------+-------+-------++-------
Melee: Unarmed           |   112 |    79 ||   191
       Headbutt          |     2 |     8 ||    10
       Kick              |     2 |     1 ||     3
       Punch             |     1 |     1 ||     2
 Cast: Beastly Appendage |    20 |    17 ||    37
  Use: Scroll            |     1 |       ||     1
  Eat: Chunk             |    18 |     6 ||    24
Armor: Robe              |    48 |    32 ||    80
Dodge: Dodged            |    68 |    36 ||   104
